 Dungeon Crawl Stone Soup version 0.31-a0-133-gaae73658be (webtiles) character file.

Game seed: 11848997845690567242

112 backslashecho the Chopper (level 4, -2/41 HPs)
             Began as a Minotaur Berserker on June 3, 2023.
             Was a Believer of Trog.
             Slain by Grinder (4 damage)
             ... on level 3 of the Dungeon.
             The game lasted 00:04:20 (2361 turns).

backslashecho the Chopper (Minotaur Berserker)      Turns: 2361, Time: 00:04:21

Health: -2/41      AC:  9    Str: 22 (23) XL:     4   Next: 64%
Magic:  3/3        EV: 10    Int:  2 (4)  God:    Trog [**....]
Gold:   86         SH:  0    Dex:  9 (10) Spells: 3/3 levels left

rFire   . . .        a - +0 hand axe
rCold   . . .        (no shield)
rNeg    . . .        c - +1 scale mail
rPois   .            f - +2 hat
rElec   .            (no cloak)
rCorr   .            (no gloves)
SInv    .            (no boots)
Will    +++..        (no amulet) Stlth
                     (no ring)
HPRegen 1.26/turn    (no ring)
MPRegen 0.08/turn

%: no passive effects
@: strong-willed, on berserk cooldown, enlightened, flying, regenerating,
slowed, very slow
A: horns 2, retaliatory headbutt
a: Renounce Religion, Berserk, Trog's Hand


You were on level 3 of the Dungeon.
You worshipped Trog.
Trog was pleased with you.
You visited 1 branch of the dungeon, and saw 3 of its levels.

You collected 86 gold pieces.

Inventory:

Hand Weapons
 a - a +0 hand axe (weapon)
Armour
 c - a +1 scale mail (worn)
 f - a +2 hat (worn)
Wands
 j - a wand of flame (10)
Scrolls
 e - a scroll of enchant armour
 g - a scroll of identify {unknown}
Potions
 b - a potion of enlightenment
 d - 4 potions of degeneration
 h - a potion of curing {unknown}
 i - a potion of brilliance {unknown}


   Skills:
 + Level 4.3 Fighting
 * Level 5.0 Axes
 + Level 3.4 Armour
 + Level 3.1 Dodging


You had 3 spell levels left.
You didn't know any spells.
Your spell library was empty.

Dungeon Overview and Level Annotations

Branches:
Dungeon (3/15)

Altars:

Annotations:
D:3 Grinder


Innate Abilities, Weirdness & Mutations

You have a pair of horns on your head.
You reflexively headbutt those who attack you in melee.


Message History

Grinder gestures at you.
You suddenly lose the ability to move!
Grinder gestures at you.
You shrug off the repeated paralysis!
You are no longer berserk.
You feel yourself slow down. Grinder hits you but does no damage.
You can move again.
You now have 16/41 hp.
Unknown command.
You barely miss Grinder.
Grinder is heavily wounded.
Grinder closely misses you.
It was a potion of degeneration.
There was something very wrong with that liquid.
You feel weakened.
You feel dopey.
You feel clumsy. Grinder hits you.
* * * LOW HITPOINT WARNING * * *
You writhe in agony.
* * * LOW HITPOINT WARNING * * *
Grinder hits you but does no damage.
You take 10 damage, and have 6/41 hp.
MASSIVE DAMAGE!!
It was a potion of enlightenment.
You feel very buoyant.
You fly up into the air.
Grinder hits you but does no damage.
Okay, then.
Okay, then.
Your skin crawls.
You feel strong-willed. Grinder barely misses you. Grinder closely misses you.
You regained 2 hp, and now have 8/41 hp.
You closely miss Grinder.
Grinder is heavily wounded.
Grinder hits you but does no damage. Grinder barely misses you.
You furiously retaliate!
You headbutt Grinder!
You regained 2 hp, and now have 10/41 hp.
You barely miss Grinder.
Grinder is almost dead.
Grinder barely misses you.
You regained 2 hp, and now have 12/41 hp.
You hit Grinder but do no damage.
Grinder is almost dead.
Grinder says, "FISH!"
Grinder hits you!
* * * LOW HITPOINT WARNING * * *
You writhe in agony.
* * * LOW HITPOINT WARNING * * *
Grinder hits you.
* * * LOW HITPOINT WARNING * * *
You writhe in agony.
You die...

######.####.# #.##
#.# #..# #.# ##.#
#.# #.# #.# .######
#.# #.# #...
.......######.# #.#
....
#.......##.###.#
.>..
#....@5...†....#
....
#......###.##.##..#
####
#..#..##..........#
.. . ....
#.#.......... ###
#..##
#.####.##.#### ..
.. #.##.# . ###
#.##.# .....#


You could see Grinder.

Vanquished Creatures
  Ijyb (D:3)
  An adder (D:2)
  3 worms
  4 dart slugs
  4 ball pythons
  8 endoplasms
  3 giant cockroaches
  2 goblins
  6 hobgoblins
  7 jackals (D:1)
  A quokka (D:1)
  4 bats
  3 frilled lizards
  5 kobolds
  4 rats
56 creatures vanquished.

Notes
Turn   | Place    | Note
-------+----------+-------------------------------------------
     0 | D:1      | backslashecho the Minotaur Berserker began the quest for
                  | the Orb.
     0 | D:1      | Reached XP level 1. HP: 19/19 MP: 0/0
   121 | D:1      | Reached XP level 2. HP: 23/27 MP: 1/1
   123 | D:1      | Reached skill level 4 in Axes
   941 | D:2      | Reached ** piety under Trog
   942 | D:2      | Reached XP level 3. HP: 30/33 MP: 2/2
  1746 | D:2      | Reached XP level 4. HP: 35/40 MP: 3/3
  2169 | D:3      | Noticed Ijyb
  2187 | D:3      | Killed Ijyb
  2297 | D:3      | Reached skill level 5 in Axes
  2327 | D:3      | Noticed Grinder
  2344 | D:3      | Paralysed by Grinder for 4 turns
  2352 | D:3      | Paralysed by Grinder for 2 turns
  2361 | D:3      | HP: 2/41 [Grinder (4)]
  2361 | D:3      | Slain by Grinder

Illustrated notes

Levels and vault maps discovered:
D:1:      dpeg_arrival_rooms_c, layout_basic, st_stairs_5, minmay_ruptured
D:2:      layout_basic, bh_walls_and_bars
D:3:      layout_loops_ring, kennysheep_vampire_church,
          nicolae_overflow_hidden_temple, uniq_ijyb, uniq_grinder

Skill      XL: |  1  2  3  4 |
---------------+-------------+-----
Axes           | 4 5 |  5.0
Fighting       | 4 |  4.3
Armour         | 3 |  3.4
Dodging        | 3 |  3.1

Action                     |  1- 3 |  4- 6 || total
---------------------------+-------+-------++-------
  Melee: Hand axe          |    97 |    57 ||   154
         Headbutt          |    17 |     5 ||    22
 Invoke: Trog's Hand       |       |     2 ||     2
         Berserk           |       |     1 ||     1
    Use: Scroll            |     1 |     4 ||     5
         Potion            |       |     2 ||     2
 Armour: Scale mail        |    47 |    29 ||    76
  Dodge: Dodged            |    59 |    25 ||    84

Table legend: (Time is in decaauts)
 A = Elapsed time spent in this place.
 B = Non-inter-level travel time spent in this place.
 C = Inter-level travel time spent in this place.
 D = Time resting spent in this place.
 E = Time spent auto-exploring this place.
 F = Levels seen in this place.
 G = Mean time per level.
                   A        B        C        D        E       F      G
               +--------+--------+--------+--------+--------+-----+--------+
         Total |   2376 |   2245 |    131 |    262 |   1553 |   3 |  792.0 |
       Dungeon |   2376 |   2245 |    131 |    262 |   1553 |   3 |  792.0 |
               +--------+--------+--------+--------+--------+-----+--------+

Top non-repeatable levels by time:
     D:2: 996 daAuts
     D:1: 935 daAuts
     D:3: 444 daAuts
